AoeStats
← RedLeader

Arabia

510110251Analyzed
1v1 RM · 2d ago on Sep 29, 2026· 38m 51s· 2 players
Game mode
Random Map
Map size
Tiny (2 player)
Population
200
Speed
Normal
Resources
Standard
Victory
Conquest
Starting age
Dark Age
Ending age
Imperial Age
RankedLock teamsTeams togetherTeam positionsShared explorationLock speedFull tech treeHidden civsTurbo modeCheats
Victory
Defeat
🇲🇦 Koreans · Morocco
1438
+16
🇺🇿 Inca · Uzbekistan
1445
-16
Rock_Bottom
9:05 Feudal Age
9:20 Loom
10:02 Town Watch
11:17 Double-Bit Axe
16:29 Wheelbarrow
16:22 Fletching
26:26 Castle Age
24:40 Gold Mining
24:50 Horse Collar
25:19 Stone Mining
26:30 Crossbowman
27:16 Thumb Ring
27:07 Bodkin Arrow
28:48 Ballistics
30:04 Hand Cart
34:23 Imperial Age
33:03 Gold Shaft Mining
36:36 Bracer
39:02 Chemistry
38:59 Bow Saw
RedLeader
7:05 Loom
9:26 Feudal Age
10:46 Champi Runner
12:16 Double-Bit Axe
15:23 Scale Mail Armor
15:38 Padded Archer Armor
15:29 Fletching
22:12 Castle Age
22:11 Horse Collar
22:22 Gold Mining
23:58 Wheelbarrow
23:35 Bow Saw
23:19 Stone Mining
23:30 Heavy Plow
23:35 Squires
23:23 Arson
23:48 Town Watch
27:29 Treadmill Crane
37:06 Imperial Age
36:26 Ballistics
36:17 Masonry
36:30 Ballistics
38:59 Chemistry
39:43 Gold Shaft Mining
Connection lost

Rejoining the realm…

Still unreachable

The connection could not be restored.

Session expired

The server has moved on; the page needs a fresh start.